cohdb
Replays
Latest Replays
All Replays
Popular Replays
Top Player Replays
Match Explorer
How It Works
Community
CoH3 Stats
Reddit
Sign in to upload your games and track your stats! →
Sign in with Steam
Match 44756076
Unlisted
Match 44756076
Overview
Messages
Build Orders
End
Royal Engineer Section
Selects Australian Defense Battlegroup
Vickers Machine Gun Team
Vickers Machine Gun Team
Vickers Machine Gun Team
Vickers Machine Gun Team
Construct Section Command Post
Selects Australian Light Infantry Section
Selects Defensive Tactics
Construct Platoon Command Post
Humber Armored Car
Selects Hold the Line!
Hold the Line!
6-pounder Anti-tank Gun Team
Hold the Line!
Team Weapon Training
Vickers Machine Gun Team
Selects CMP 15cwt Supply Run
Selects Artillery Trip Wire Flares
Vickers Machine Gun Team
Hold the Line!
Vickers Machine Gun Team
Hold the Line!
Construct Field Infirmary
Hold the Line!
Royal Engineer Section
Barbarossa
Lazy Ren
0
0
Comments
sign in to comment!
No comments posted yet!